 Dungeon Crawl Stone Soup version 0.21-a0-193-g085b6a0 (webtiles) character file.

4 Implosion the Chiller (level 1, -3/15 HPs)
             Began as a Formicid Wanderer on Aug 14, 2017.
             Slain by a hobgoblin (4 damage)
             ... on level 1 of the Dungeon.
             The game lasted 00:00:41 (147 turns).

Implosion the Chiller (Formicid Wanderer)            Turns: 147, Time: 00:00:42

Health: -3/15      AC:  2    Str: 17    XL:     1   Next: 66%
Magic:  0/2        EV: 11    Int: 12    God:
Gold:   19         SH:  0    Dex:  8    Spells: 1/2 levels left

rFire    . . .     SeeInvis +   e - +0 club
rCold    . . .     Gourm    .   (no shield)
rNeg     . . .     Faith    .   d - +0 robe
rPois    .         Spirit   .   (helmet unavailable)
rElec    .         Reflect  .   (no cloak)
rCorr    .         Harm     .   (no gloves)
MR       .....                  (no boots)
Stlth    +.........             (no amulet)
HPRegen  0.05/turn              (no ring)
MPRegen  0.08/turn              (no ring)

@: no status effects
A: permanent stasis, dig shafts and tunnels, four strong arms, antennae 3
a: Dig, Shaft Self


You were on level 1 of the Dungeon.
You were not hungry.

You visited 1 branch of the dungeon, and saw 1 of its levels.

You collected 19 gold pieces.

Inventory:

Hand Weapons
 e - a +0 club (weapon)
Missiles
 h - 4 stones (quivered)
Armour
 d - a +0 robe (worn)
Scrolls
 g - a scroll of enchant weapon {unknown}
 i - a scroll of noise {unknown}
Potions
 c - a potion of lignification
Books
 a - a book of Frost

   Spells                             Type                      Level
   a - Freeze                         Ice                          1
   b - Throw Frost                    Conjuration/Ice              2
   c - Ozocubu's Armour               Charms/Ice                   3
   d - Throw Icicle                   Conjuration/Ice              4
   e - Summon Ice Beast               Ice/Summoning                4
 b - the Papyrus of Calling

   Spells                             Type                      Level
   a - Summon Butterflies             Summoning                    1
   b - Call Canine Familiar           Summoning                    3
Comestibles
 f - a bread ration


   Skills:
 - Level 1.1 Fighting
 + Level 1.1 Maces & Flails
 - Level 1.0 Dodging
 - Level 1.2 Stealth
   Level 2.4 Shields
 - Level 1.1 Spellcasting
   Level 1.0 Summonings
 - Level 3.0 Ice Magic


You had one spell level left.
You knew the following spells:

 Your Spells              Type           Power        Failure   Level  Hunger
a - Freeze                Ice            #...         9%          1    ##.....


Dungeon Overview and Level Annotations

Branches:
Dungeon (1/15)

Altars:


Innate Abilities, Weirdness & Mutations

You cannot be hasted, slowed, berserked, paralysed or teleported.
You can dig through walls and to a lower floor.
Your four strong arms can wield two-handed weapons with a shield.
You have a pair of large antennae on your head. (SInv)


Message History

You hit the hobgoblin but do no damage. The hobgoblin completely misses you.
You barely miss the hobgoblin. The hobgoblin hits you.
* * * LOW HITPOINT WARNING * * *
The hobgoblin barely misses you.
You completely miss the hobgoblin. The hobgoblin hits you.
* * * LOW HITPOINT WARNING * * *
You hit the hobgoblin but do no damage. The hobgoblin barely misses you.
Unknown command.
Unknown command.
Unknown command.
Unknown command.
Casting: Freeze
Confirm with . or Enter, or press ? or * to list all spells.
Aiming: Freeze
Press: ? - help, Shift-Dir - straight line, f - hobgoblin
Aim: a hobgoblin You freeze the hobgoblin.
The hobgoblin is almost dead.
The hobgoblin hits you.
You die...

#.#+####### #.#
#...........# #.#
#...........# #.# #
#...........# #.# #
#...........# #.# #
#...........# #.# #
#...........# #.########
#.......%...###.........
#+#..@g...............
#################### # #


You could see a hobgoblin.

Vanquished Creatures
  A leopard gecko (D:1)
  A kobold (D:1)
  2 rats (D:1)
4 creatures vanquished.

Notes
Turn   | Place    | Note
-------+----------+-------------------------------------------
     0 | D:1      | Implosion the Formicid Wanderer began the quest for the Orb.
     0 | D:1      | Implosion set off with: a book of Frost, the Papyrus of Calling, a potion of lignification, a +0 robe, a +0 club, a bread ration
     0 | D:1      | Reached XP level 1. HP: 15/15 MP: 2/2
    12 | D:1      | Noticed an electric eel
   108 | D:1      | Identified the Papyrus of Calling
   110 | D:1      | Learned a level 1 spell: Freeze
   139 | D:1      | Reached skill level 1 in Maces & Flails
   147 | D:1      | Slain by a hobgoblin

Vault maps used:
D:1:      arrival_aquarium_a

Skill      XL: |  1 |
---------------+----+-----
Maces & Flails | 1 |  1.1
Fighting       | |  1.1
Dodging        | |  1.0
Stealth        | |  1.2
Shields        | |  2.4
Spellcasting   | |  1.1
Summonings     | |  1.0
Ice Magic      | |  3.0

Action                   || total
-------------------------++-------
Melee: Club              ||    14
 Cast: Freeze            ||     3
Armor: Robe              ||     4
Dodge: Dodged            ||    10
